 Dungeon Crawl Stone Soup version 0.28.0-43-g3370ac3207 (webtiles) character file.

Game seed: 12110512680119624623

89 RascalDebosk the Firebug (level 4, 0/33 HPs)
             Began as a Draconian Fire Elementalist on Mar 6, 2022.
             Slain by an orc wizard
             ... wielding a +0 dagger
              (3 damage)
             ... on level 4 of the Dungeon.
             The game lasted 00:46:49 (3127 turns).

RascalDebosk the Firebug (DrFE)                     Turns: 3127, Time: 00:46:50

Health: 0/33       AC:  6    Str: 10    XL:     4   Next: 31%
Magic:  3/8        EV: 12    Int: 17    God:
Gold:   5          SH:  0    Dex: 12    Spells: 2/8 levels left

rFire   . . .      SeeInvis .   k - +4 long sword
rCold   . . .      Faith    .   (no shield)
rNeg    . . .      Spirit   .   (armour unavailable)
rPois   .          Reflect  .   (helmet restricted)
rElec   .          Harm     .   (no cloak)
rCorr   .          Rampage  .   q - +0 pair of gloves
Will    .....                   (no boots)
Stlth   ++........              (no amulet)
HPRegen 0.11/turn               (no ring)
MPRegen 0.11/turn               (no ring)

@: no status effects
A: AC +5, unfitting armour, cold-blooded
a: no special abilities


You were on level 4 of the Dungeon.
You visited 1 branch of the dungeon, and saw 4 of its levels.

You collected 50 gold pieces.
You spent 45 gold pieces at shops.

Inventory:

Hand Weapons
 e - a +0 club
 k - a +4 long sword (weapon)
Missiles
 g - 4 poisoned darts
 m - 5 datura-tipped darts
Armour
 q - a +0 pair of gloves (worn)
Magical Staves
 o - a staff of poison
Jewellery
 l - a ring of magical power
Scrolls
 a - a scroll of enchant weapon {unknown}
 b - 2 scrolls of identify {unknown}
 h - 2 scrolls of blinking {unknown}
 p - a scroll of torment {unknown}
Potions
 c - a potion of lignification {unknown}
 d - a potion of flight {unknown}
 f - 2 potions of might {unknown}
 i - a potion of degeneration {unknown}
 j - a potion of curing {unknown}
 n - a potion of haste {unknown}


   Skills:
 + Level 2.6 Dodging
 - Level 1.7 Stealth
 + Level 2.6 Spellcasting
 + Level 2.2 Conjurations
 + Level 3.6 Fire Magic


You had 2 spell levels left.
You knew the following spells:

 Your Spells              Type           Power      Damage    Failure   Level
a - Foxfire               Conj/Fire      48%        2x1d6     5%          1
b - Scorch                Fire           28%        2d6       6%          2
c - Conjure Flame         Conj/Fire      12%        6-21      16%         3

Your spell library contained the following spells:

 Spells                   Type           Power      Damage    Failure   Level
 Ensorcelled Hibernation  Hex/Ice        4%         N/A       26%         2
 Inner Flame              Hex/Fire       8%         N/A       26%         3
 Ignite Poison            Fire/Tmut/Pois 6%         N/A       32%         3
 Mephitic Cloud           Conj/Pois/Air  4%         N/A       38%         3
 Spider Form              Tmut/Pois      2%         N/A       47%         3
 Flame Wave               Conj/Fire      12%        2d6       47%         4
 Anguish                  Hex/Necr       1%         N/A       87%         4
 Freezing Cloud           Conj/Ice/Air   2%         6-21      98%         5


Dungeon Overview and Level Annotations

Branches:
Dungeon (4/15)
 Temple: D:4-7

Altars:
Makhleb
Yredelemnul

Shops:
D:3 (:[[


Innate Abilities, Weirdness & Mutations

Your plain brown scales are hard. (AC +5)
You cannot fit into any form of body armour.
You are cold-blooded and may be slowed by cold attacks.


Message History

The orc is severely wounded.
The orc hits you with a +0 mace. The orc hits you with a +0 dagger.
Something hits you. The orc hits you but does no damage.
The orc closely misses you.
You hit the orc.
You kill the orc!
Something hits you but does no damage. The orc completely misses you.
Something hits you.
You closely miss something. The orc hits you but does no damage.
You hear some strange, mumbled words.
Something tries to affect you, but you resist.
You miss something.
Your tail-slap misses something.
The orc barely misses you.
You hear some strange, mumbled words.
Something tries to affect you, but you resist.
The orc hits you but does no damage.
You hit something. Something hits you but does no damage.
The orc hits you but does no damage.
You hear some strange, mumbled words.
A puff of flame appears from out of thin air!
The puff of flame hits you.
You hit something. The orc barely misses you. Something barely misses you.
The orc closely misses you.
You hit something. Something hits you but does no damage.
The orc barely misses you. Something hits you but does no damage.
You barely miss something.
Your tail-slap misses something.
The orc hits you with a +0 dagger. Something hits you but does no damage.
You miss something. The orc closely misses you.
Something hits you but does no damage. The orc hits you with a +0 dagger.
You barely miss something.
Your tail-slap misses something.
You hear some strange, mumbled words.
A puff of flame appears from out of thin air!
The puff of flame hits you!
* * * LOW HITPOINT WARNING * * *
The orc hits you but does no damage. Something hits you.
* * * LOW HITPOINT WARNING * * *
Casting: Foxfire (safe; 5% risk of failure)
Press: ? - help, Q - select action, (/) - cycle Dir - look around, f - activate You conjure some foxfire!
The orc completely misses you. Something hits you.
You die...

#....#
#....#
#....#
#....#
#....#
#....#
#..vv#
#..{@+
###o##
#.#
#.#
#.#
#.#
#.#
#.#
#.#


You could see an orc.

Vanquished Creatures
  2 adders
  A shadow imp (D:3)
  A white imp (D:3)
  A dart slug (D:3)
  4 orcs
  5 bats
  3 endoplasms
  3 giant cockroaches
  7 goblins
  5 hobgoblins
  3 jackals
  5 kobolds
  A quokka (D:1)
  3 ball pythons
  2 frilled lizards (D:1)
  A rat (D:1)
47 creatures vanquished.

Vanquished Creatures (collateral kills)
  3 foxfires
3 creatures vanquished.

Vanquished Creatures (others)
  113 foxfires
  3 plants (D:1)
116 creatures vanquished.

Grand Total: 166 creatures vanquished

Notes
Turn   | Place    | Note
-------+----------+-------------------------------------------
     0 | D:1      | RascalDebosk the Draconian Fire Elementalist began the
                  | quest for the Orb.
     0 | D:1      | Reached XP level 1. HP: 14/14 MP: 3/3
   314 | D:1      | Reached XP level 2. HP: 16/20 MP: 0/5
  1286 | D:1      | Learned a level 2 spell: Scorch
  1509 | D:2      | Reached XP level 3. HP: 26/26 MP: 2/6
  1848 | D:2      | Learned a level 3 spell: Conjure Flame
  1877 | D:2      | Found a burning altar of Makhleb.
  2098 | D:3      | Found Okeose's Antique Armour Emporium.
  2148 | D:3      | Found Zivuugh's Armour Shop.
  2203 | D:3      | Found Riaf's Book Boutique.
  2381 | D:3      | Reached XP level 4. HP: 28/33 MP: 5/7
  2693 | D:3      | Found a basalt altar of Yredelemnul.
  2709 | D:3      | Found Xoskiezo's Weapon Shoppe.
  2775 | D:3      | Bought a +0 pair of gloves for 45 gold pieces
  2865 | D:3      | Found a faded altar of an unknown god.
  3127 | D:4      | Slain by an orc wizard

Illustrated notes

Levels and vault maps discovered:
D:1:      sevenhm_arrival_forest_fort_large_2, layout_basic,
          minmay_misc_feat_encased, serial_bayou_ford_a,
          minmay_indecisive_spiral
D:2:      layout_rooms, basic_altar, bh_walls_and_bars
D:3:      layout_basic, mainiacjoe_overflow_surrounded_room, serial_shops,
          nicolae_shop_trees, nicolae_shop_bloodbath_and_beyond,
          nicolae_square_shop, nicolae_shop_overgrown_old_shop,
          dreamdust_ecumenical_altar_hidden_monk_grotto, st_stairs_11
D:4:      layout_basic, uniq_pikel, uniq_pargi

Skill      XL: |  1  2  3 |
---------------+----------+-----
Dodging        | 2 |  2.6
Conjurations   | 2 |  2.2
Stealth        | |  1.7
Spellcasting   | |  2.6
Fire Magic     | |  3.6

Action                   |  1- 3 |  4- 6 || total
-------------------------+-------+-------++-------
Melee: Club              |    38 |       ||    38
       Unarmed           |     4 |       ||     4
       Tailslap          |     4 |       ||     4
       Long sword        |     8 |    14 ||    22
 Cast: Foxfire           |    57 |    21 ||    78
       Scorch            |     1 |       ||     1
Armor: Skin              |    33 |    19 ||    52
Dodge: Dodged            |    73 |    14 ||    87
